 Dungeon Crawl Stone Soup version 0.22.1-1-ga44c0e5 (webtiles) character file.

76 Skuilla the Magician (level 4, 0/40 HPs)
             Began as a Troll Wizard on Nov 4, 2018.
             Slain by an orc wizard
             ... wielding a +0 dagger
              (5 damage)
             ... on level 5 of the Dungeon on Nov 9, 2018.
             The game lasted 00:14:03 (1566 turns).

Skuilla the Magician (Troll Wizard)                 Turns: 1566, Time: 00:14:03

Health: 0/40       AC:  5    Str: 15    XL:     4   Next: 12%
Magic:  6/6        EV: 10    Int: 15    God:
Gold:   52         SH:  0    Dex:  8    Spells: 6/7 levels left

rFire    . . .     SeeInvis .   h - +0 spear
rCold    . . .     Gourm    +   (no shield)
rNeg     . . .     Faith    .   a - +0 robe
rPois    .         Spirit   .   b - +0 hat
rElec    .         Reflect  .   (no cloak)
rCorr    .         Harm     .   (gloves unavailable)
MR       .....                  (boots unavailable)
Stlth    +.........             (no amulet)
HPRegen  0.53/turn              i - ring of wizardry
MPRegen  0.10/turn              (no ring)

@: no status effects
A: large, unfitting armour, claws 3, fast metabolism 3, gourmand, regeneration
1, shaggy fur 1, tough skin 2
a: no special abilities


You were on level 5 of the Dungeon.
You were not hungry.

You visited 1 branch of the dungeon, and saw 5 of its levels.

You collected 52 gold pieces.

Inventory:

Hand Weapons
 c - a +0 club
 e - a +0 club
 f - a +0 mace
 g - a +0 club
 h - a +0 spear (weapon)
 k - a +0 hunting sling
Armour
 a - a +0 robe (worn)
 b - a +0 hat (worn)
Jewellery
 i - a ring of wizardry (left claw)
Wands
 q - a wand of digging (14)
Scrolls
 j - 2 scrolls of amnesia {unknown}
 n - a scroll of remove curse {unknown}
 o - a scroll of enchant weapon {unknown}
 p - a scroll of noise {unknown}
Potions
 l - 2 potions of curing {unknown}
 m - a potion of might {unknown}
Comestibles
 d - 5 rations


   Skills:
 + Level 0.5 Fighting
 + Level 1.1 Polearms
 + Level 2.2 Dodging
 + Level 1.1 Stealth
 + Level 0.2 Unarmed Combat
 + Level 2.4 Spellcasting
 + Level 1.0 Conjurations
   Level 0.6 Summonings
   Level 0.6 Translocations


You had 6 spell levels left.
You knew the following spells:

 Your Spells              Type           Power        Failure   Level  Hunger
a - Magic Dart            Conj           #...         6%          1    #......

Your spell library contained the following spells:

 Spells                   Type           Power        Failure   Level  Hunger
 Blink                    Tloc           N/A          11%         2    ###....
 Call Imp                 Summ           #.......     11%         2    ###....
 Slow                     Hex            #.......     13%         2    ###....
 Conjure Flame            Conj/Fire      #.......     21%         3    ###....
 Mephitic Cloud           Conj/Pois/Air  #.......     22%         3    ###....


Dungeon Overview and Level Annotations

Branches:
Dungeon (5/15)
 Temple: D:4-7

Altars:
Ashenzari


Innate Abilities, Weirdness & Mutations

You are too large for most types of armour.
You have claws for hands.
Your metabolism is lightning-fast.
You like to eat raw meat.
Your natural rate of healing is unusually fast.
You are covered in fur. (AC +1)
You have very tough skin. (AC +2)


Message History

The orc misses you. The orc hits you but does no damage.
Something hits you but does no damage.
Unknown command.
You hit the leopard gecko skeleton.
The leopard gecko skeleton is severely damaged.
The orc barely misses you.
The leopard gecko skeleton barely misses you.
Something hits you. Something shocks you. The orc hits you with a whip.
The orc hits you with a club. Something hits you.
* * * LOW HITPOINT WARNING * * *
Unknown command.
You miss something. The orc hits you but does no damage.
The orc barely misses you.
The leopard gecko skeleton bites you but does no damage.
Something hits you.
* * * LOW HITPOINT WARNING * * *
Something shocks you.
* * * LOW HITPOINT WARNING * * *
Something hits you.
You die...

##...............
#.##............
...##.....?#####.
. ............#
.. .. ...#.##..##
... ....#.
##..### .. ...
#.####...#.####
........o.......
......so@<.###.#
#......Z{o##
........l.#
.#.........
#..........
.........#..
.........#(##
.(.........#


You could see a scorpion, 3 orcs, a leopard gecko and a leopard gecko skeleton.

Vanquished Creatures
  A hound skeleton (D:4)
  3 adders
  A dart slug (D:1)
  2 leopard geckos (D:1)
  2 giant cockroaches
  4 goblins
  5 hobgoblins
  4 jackals (D:1)
  3 frilled lizards (D:1)
  4 kobolds (D:1)
  2 rats (D:1)
31 creatures vanquished.

Notes
Turn   | Place    | Note
-------+----------+-------------------------------------------
     0 | D:1      | Skuilla the Troll Wizard began the quest for the Orb.
     0 | D:1      | Reached XP level 1. HP: 16/16 MP: 2/2
   136 | D:1      | Reached XP level 2. HP: 21/24 MP: 2/4
   842 | D:1      | Found a shattered altar of Ashenzari.
  1207 | D:2      | Reached XP level 3. HP: 28/31 MP: 5/5
  1450 | D:3      | Reached skill level 1 in Conjurations
  1492 | D:4      | Reached skill level 1 in Polearms
  1508 | D:4      | Reached XP level 4. HP: 20/40 MP: 6/6
  1535 | D:5      | Entered Level 5 of the Dungeon
  1552 | D:5      | Noticed a sky beast
  1566 | D:5      | Slain by an orc wizard

Skill      XL: |  1  2  3 |
---------------+----------+-----
Dodging        | 2 |  2.2
Conjurations   | 1 |  1.0
Polearms       | 1 |  1.1
Fighting       | |  0.5
Stealth        | |  1.1
Unarmed Combat | |  0.2
Spellcasting   | |  2.4
Summonings     | |  0.6
Translocations | |  0.6

Action                   |  1- 3 |  4- 6 || total
-------------------------+-------+-------++-------
Melee: Unarmed           |    33 |       ||    33
       Spear             |   165 |    20 ||   185
 Cast: Magic Dart        |    15 |       ||    15
  Use: Scroll            |     1 |       ||     1
 Stab: Sleeping          |     1 |       ||     1
  Eat: Chunk             |    15 |       ||    15
Armor: Robe              |   104 |    18 ||   122
Dodge: Dodged            |   153 |    25 ||   178
